 Dungeon Crawl Stone Soup version 0.28-a0-691-gad6df49e81 (webtiles) character file.

Game seed: 14417358717566755137

148 RepHenryClay the Chopper (level 5, 0/73 HPs)
             Began as a Naga Fighter on Oct 21, 2021.
             Slain by a gnoll (7 damage)
             ... on level 3 of the Dungeon.
             The game lasted 00:02:31 (2273 turns).

RepHenryClay the Chopper (Naga Fighter)             Turns: 2273, Time: 00:02:31

Health: 0/73       AC: 22    Str: 19    XL:     5   Next: 30%
Magic:  5/5        EV:  1    Int:  8    God:
Gold:   57         SH:  4    Dex: 11    Spells: 4/4 levels left

rFire   . . .      SeeInvis +   a - +0 war axe
rCold   . . .      Faith    .   c - +0 buckler
rNeg    . . .      Spirit   .   (armour currently unavailable)
rPois   +          Reflect  .   (helmet currently unavailable)
rElec   .          Harm     .   (cloak currently unavailable)
rCorr   .          Rampage  .   (gloves currently unavailable)
Will    .....      NoTele   +   (no barding)
Stlth   +.........              (no amulet)
HPRegen 0.22/turn               (no ring)
MPRegen 0.09/turn               (no ring)

@: tree-form (expiring), attractive, hasted, very quick
A: stationary, stasis, torment immunity, boosted hp, AC +1, large, see
invisible, (deformed body), (poison resistance), (slowness 2), spit poison 1,
(naga tail 1)
a: Spit Poison


You were on level 3 of the Dungeon.
You were a tree.
You visited 1 branch of the dungeon, and saw 3 of its levels.

You collected 57 gold pieces.

Inventory:

Hand Weapons
 a - a +0 war axe (weapon)
Missiles
 i - 6 poisoned darts (quivered)
 n - 6 atropa-tipped darts
Armour
 b - a +0 scale mail (melded)
 c - a +0 buckler (worn)
 m - a +2 cloak of stealth (melded)
Wands
 l - a wand of flame (21)
Scrolls
 e - 2 scrolls of teleportation {unknown}
 f - 3 scrolls of blinking {unknown}
 g - 3 scrolls of identify {unknown}
 o - a scroll of brand weapon {unknown}
Potions
 d - a potion of might
 h - a potion of cancellation
 j - 2 potions of haste


   Skills:
 - Level 3.0 Fighting
 + Level 5.3 Axes
 - Level 2.4 Armour
 - Level 2.4 Shields


You had 4 spell levels left.
You didn't know any spells.
Your spell library contained the following spells:

 Spells                   Type           Power      Damage    Failure   Level
 Magic Dart               Conj           0%         1d3       41%         1
 Call Imp                 Summ           0%         N/A       54%         2
 Static Discharge         Conj/Air       0%         N/A       54%         2
 Mephitic Cloud           Conj/Pois/Air  0%         N/A       78%         3
 Lightning Bolt           Conj/Air       0%         1d11      100%        5
 Maxwell's Capacitive Co  Air            0%         ∞         100%        8


Dungeon Overview and Level Annotations

Branches:
Dungeon (3/15)

Altars:

Annotations:
D:1 1 runed translucent door


Innate Abilities, Weirdness & Mutations

You are a tree.
Your roots penetrate the ground, keeping you stationary.
You cannot be teleported.
You are immune to unholy pain and torment.
Your maximum health is greatly increased.
Your equipment is partially melded.
((Your serpentine skin is tough. (AC +1)))
You have supernaturally acute eyesight. (SInv)
((Armour fits poorly on your strangely shaped body.))
((Your system is resistant to poisons. (rPois)))
((You cover ground very slowly.))
You can spit poison.
((You have a snake-like lower body.))


Message History

Throw: 9 darts (poison)
Press: ? - help, Q - select action, (/) - cycle Shift-Dir - straight line, f/p - gnoll
Aim: a gnoll, wielding a +0 whip (60% to hit)
You throw a poisoned dart. The poisoned dart hits the gnoll.
The gnoll is heavily wounded.
The gnoll hits you but does no damage.
Throw: 8 darts (poison)
Press: ? - help, Q - select action, (/) - cycle Shift-Dir - straight line, f/p - gnoll
Aim: a gnoll, wielding a +0 whip (60% to hit)
You throw a poisoned dart. The poisoned dart hits the gnoll.
The gnoll is heavily wounded.
The gnoll hits you but does no damage.
Throw: 7 darts (poison)
Press: ? - help, Q - select action, (/) - cycle Shift-Dir - straight line, f/p - gnoll
Aim: a gnoll, wielding a +0 whip (60% to hit)
You throw a poisoned dart.
The poisoned dart closely misses the gnoll.
The poisoned dart hits the gnoll.
The gnoll is poisoned.
You barely miss the gnoll.
The gnoll is heavily wounded.
The gnoll hits you but does no damage.
You hit the gnoll.
The gnoll is severely wounded.
The gnoll hits you but does no damage.
You slash the gnoll!
You kill the gnoll!
You slash the endoplasm!
You kill the endoplasm!
You have got your breath back.
The gnoll is attracted toward you.
You hit the gnoll.
The gnoll is heavily wounded.
Your transformation is almost over.
The gnoll hits you with a +0 whip.
* * * LOW HITPOINT WARNING * * *
Huge Dmg: -3%(-2hp) hp: 10%(7hp)
You hit the gnoll.
The gnoll is severely wounded.
The gnoll hits you with a +0 whip!
You die...

..........#
#.....#
########.##
#.....# #.#
####.## ... #.#
# ...# #.# #
....# #.# ##
#.# .#
#.######. .#
#♣....... .##
.....§g#####...
..##### ......(
........
.......
#..#####
....... #.#
....... ##.##
....... ....#
....... ....#


You could see a gnoll (poisoned).

Vanquished Creatures
  Crazy Yiuf (D:2)
  4 gnolls
  3 adders (D:2)
  A dart slug (D:1)
  5 endoplasms
  A giant cockroach (D:1)
  5 goblins
  7 hobgoblins
  3 jackals (D:1)
  2 kobolds
  A quokka (D:2)
  9 ball pythons
  5 bats
  2 frilled lizards
  5 rats
54 creatures vanquished.

Notes
Turn   | Place    | Note
-------+----------+-------------------------------------------
     0 | D:1      | RepHenryClay the Naga Fighter began the quest for the Orb.
     0 | D:1      | Reached XP level 1. HP: 21/21 MP: 1/1
     1 | D:1      | Found a runed translucent door.
   364 | D:1      | Reached XP level 2. HP: 28/28 MP: 2/2
   415 | D:1      | Reached skill level 3 in Axes
   593 | D:1      | Reached XP level 3. HP: 28/34 MP: 3/3
  1263 | D:2      | Reached skill level 4 in Axes
  1379 | D:2      | Reached XP level 4. HP: 42/42 MP: 4/4
  1393 | D:2      | Found a faded altar of an unknown god.
  1684 | D:2      | Found a runed translucent door.
  1685 | D:2      | Noticed Crazy Yiuf
  2035 | D:2      | Killed Crazy Yiuf
  2172 | D:3      | Reached skill level 5 in Axes
  2212 | D:3      | Reached XP level 5. HP: 49/49 MP: 5/5
  2273 | D:3      | Slain by a gnoll

Illustrated notes

Levels and vault maps discovered:
D:1:      dpeg_arrival_caged_fury, layout_basic, grunt_decor_one_mirror
D:2:      layout_basic, chequers_ecumenical_altar_simple_redux,
          uniq_crazy_yiuf_cottage
D:3:      layout_basic, uniq_robin

Skill      XL: |  1  2  3  4 |
---------------+-------------+-----
Axes           | 3 4 5 |  5.3
Fighting       | |  3.0
Armour         | |  2.4
Shields        | |  2.4

Action                   |  1- 3 |  4- 6 || total
-------------------------+-------+-------++-------
Melee: War axe           |    89 |    53 ||   142
Throw: Dart              |       |     6 ||     6
 Abil: Spit Poison       |     8 |     6 ||    14
  Use: Potion            |     1 |     3 ||     4
Armor: Scale mail        |    38 |    13 ||    51
       Skin              |       |     6 ||     6
Dodge: Dodged            |    48 |    12 ||    60
Block: Buckler           |    28 |    13 ||    41

Table legend: (Time is in decaauts)
 A = Elapsed time spent in this place.
 B = Non-inter-level travel time spent in this place.
 C = Inter-level travel time spent in this place.
 D = Time resting spent in this place.
 E = Time spent auto-exploring this place.
 F = Levels seen in this place.
 G = Mean time per level.
                   A        B        C        D        E       F      G
               +--------+--------+--------+--------+--------+-----+--------+
         Total |   2840 |   2786 |     54 |    253 |   2147 |   3 |  946.7 |
       Dungeon |   2840 |   2786 |     54 |    253 |   2147 |   3 |  946.7 |
               +--------+--------+--------+--------+--------+-----+--------+

Top non-repeatable levels by time:
     D:1: 1453 daAuts
     D:2: 1222 daAuts
     D:3: 164 daAuts
